 Dungeon Crawl Stone Soup version 0.25.1-9-gc5326a611f (webtiles) character file.

Game seed: 10647109357582258252

116 sankara the Cudgeler (level 4, -2/35 HPs)
             Began as a Demonspawn Gladiator on Jan 1, 2021.
             Slain by an iguana (9 damage)
             ... on level 3 of the Dungeon.
             The game lasted 00:04:57 (2579 turns).

sankara the Cudgeler (Demonspawn Gladiator)         Turns: 2579, Time: 00:04:57

Health: -2/35      AC:  4    Str: 15    XL:     4   Next: 69%
Magic:  4/4        EV: 10    Int:  9    God:
Gold:   140        SH:  0    Dex: 15    Spells: 3/3 levels left

rFire    + . .     SeeInvis .   a - +0 flail
rCold    . . .     Gourm    .   (no shield)
rNeg     . . .     Faith    .   b - +0 leather armour
rPois    .         Spirit   .   c - +0 helmet
rElec    .         Reflect  .   (no cloak)
rCorr    .         Harm     .   (no gloves)
MR       .....                  (no boots)
Stlth    ++........             (no amulet)
HPRegen  0.11/turn              e - ring of wizardry
MPRegen  0.09/turn              i - ring of protection from fire

@: constricted
A: powered by death 2
a: no special abilities


You were on level 3 of the Dungeon.
You were not hungry.

You visited 1 branch of the dungeon, and saw 3 of its levels.

You collected 140 gold pieces.

Inventory:

Hand Weapons
 a - a +0 flail (weapon)
Missiles
 d - 3 throwing nets (quivered)
 j - 19 poisoned darts
 m - 89 stones
 s - 5 boomerangs
 u - 6 atropa-tipped darts
Armour
 b - a +0 leather armour (worn)
 c - a +0 helmet (worn)
 q - a +0 scale mail
Jewellery
 e - a ring of wizardry (left hand)
 i - a ring of protection from fire (right hand)
Scrolls
 g - 2 scrolls of fear {unknown}
 l - 2 scrolls of identify {unknown}
 n - 3 scrolls of remove curse {unknown}
Potions
 h - a potion of might {unknown}
 o - a potion of heal wounds {unknown}
 p - a potion of flight {unknown}
 r - 2 potions of lignification {unknown}
 t - a potion of resistance {unknown}
Comestibles
 f - 5 rations
 k - 2 chunks of flesh


   Skills:
 + Level 3.0 Fighting
 + Level 3.3 Maces & Flails
 - Level 1.7 Throwing
 + Level 3.3 Dodging
 + Level 2.0 Stealth


You had 3 spell levels left.
You didn't know any spells.
Your spell library was empty.

Dungeon Overview and Level Annotations

Branches:
Dungeon (3/15)

Altars:
Cheibriados
Elyvilon


Innate Abilities, Weirdness & Mutations

You regenerate health from kills.


Message History

The ball python misses you. The ball python barely misses you.
The iguana misses you.
You hit the iguana but do no damage.
The iguana is heavily wounded.
The ball python bites you but does no damage.
The ball python misses you. The iguana misses you.
The ball python barely misses you. The ball python closely misses you.
You hit the iguana but do no damage.
The iguana is heavily wounded.
The iguana closely misses you. The ball python closely misses you.
The ball python grabs you. The ball python constricts you.
You sock the iguana!
The iguana is almost dead.
The ball python bites you. The ball python constricts you.
The iguana bites you.
* * * LOW HITPOINT WARNING * * *
The ball python barely misses you. The ball python constricts you.
The iguana hisses menacingly.
The iguana bites you!
You die...

#...........#
#...........#########
######.......#≈≈≈≈≈≈≈≈
#............#≈......
#......#'###.#≈.....
#......#.# #.#≈...♣♣♣
#......#.# #.#≈....%♣
########÷# #.#≈.....♣
#......###.@l.♣
#........###S.†...♣
#........# #≈.....♣
#........# #≈...♣♣♣
#......### #≈.....
######.#####≈......
#.....#≈≈≈≈≈≈≈≈
###############


You could see an iguana and a ball python.

Vanquished Creatures
  A worker ant zombie (D:2)
  2 adders
  An ooze (D:3)
  3 worms
  2 dart slugs
  3 leopard geckos
  3 orcs (D:3)
  5 bats
  3 giant cockroaches (D:3)
  3 goblins
  8 hobgoblins
  8 jackals
  A quokka (D:2)
  3 ball pythons
  3 frilled lizards
  7 kobolds
  7 rats
  A plant (D:1)
64 creatures vanquished.

Notes
Turn   | Place    | Note
-------+----------+-------------------------------------------
     0 | D:1      | sankara the Demonspawn Gladiator began the quest for the
                  | Orb.
     0 | D:1      | Reached XP level 1. HP: 16/16 MP: 1/1
   154 | D:1      | Gained mutation: You regenerate a little health from kills.
                  | [demonic ancestry]
   154 | D:1      | Reached XP level 2. HP: 20/22 MP: 2/2
   477 | D:1      | Reached skill level 1 in Stealth
   875 | D:1      | Gained mutation: You regenerate health from kills. [demonic
                  | ancestry]
   875 | D:1      | Reached XP level 3. HP: 27/28 MP: 3/3
  1017 | D:2      | You fall into a shaft and drop 1 floor!
  1576 | D:2      | Reached XP level 4. HP: 34/34 MP: 4/4
  2023 | D:2      | Found a white marble altar of Elyvilon.
  2078 | D:2      | Found a snail-covered altar of Cheibriados.
  2579 | D:3      | Slain by an iguana

Illustrated notes

Levels and vault maps discovered:
D:1:      roderic_crop_circles_arrival_small, layout_loops_corners, minivault_11
D:2:      layout_basic, cheibriados_altar_1, elyvilon_altar_3
D:3:      layout_basic, first_ration, kennysheep_generic_room_16

Skill      XL: |  1  2  3  4 |
---------------+-------------+-----
Stealth        | 1 2 |  2.0
Dodging        | 3 |  3.3
Maces & Flails | 3 |  3.3
Fighting       | 3 |  3.0
Throwing       | |  1.7

Action                   |  1- 3 |  4- 6 || total
-------------------------+-------+-------++-------
Melee: Flail             |   114 |    90 ||   204
 Stab: Sleeping          |     1 |     1 ||     2
       Distracted        |       |     1 ||     1
  Eat: Chunk             |     2 |     4 ||     6
Armor: Leather armour    |    33 |    19 ||    52
Dodge: Dodged            |    93 |    65 ||   158
